 Dungeon Crawl Stone Soup version 0.30-a0-743-gbfdf073 (webtiles) character file.

Game seed: 17870839766184105086

187 malesh the Vexing (level 5, -8/38 HPs)
             Began as a Barachi Hexslinger on Feb 6, 2023.
             Killed by divine providence
             ... invoked by an orc priest
              (15 damage)
             ... on level 4 of the Dungeon.
             The game lasted 00:15:46 (3645 turns).

malesh the Vexing (Barachi Hexslinger)              Turns: 3645, Time: 00:15:47

Health: -8/38      AC:  3    Str: 11    XL:     5   Next: 66%
Magic:  7/7        EV: 12    Int: 15    God:
Gold:   118        SH:  0    Dex: 13    Spells: 0/7 levels left

rFire   . . .      SeeInvis .    a - +1 sling
rCold   . . .      Faith    .    (no shield)
rNeg    . . .      Spirit   .    c - +0 robe
rPois   .          Reflect  .    i - +0 helmet
rElec   .          Harm     .    (no cloak)
rCorr   .          Rampage  .    (no gloves)
Will    .....                    (no boots)
Stlth   +                        j - amulet of the acrobat
HPRegen 0.26/turn                (no ring)
MPRegen 0.10/turn                (no ring)

@: slow
A: amphibious, slowness 1, strong legs 1, +LOS
a: Hop


You were on level 4 of the Dungeon.
You visited 1 branch of the dungeon, and saw 5 of its levels.

You collected 118 gold pieces.

Inventory:

Hand Weapons
 a - a +1 sling (weapon)
 h - a +2 dagger of venom
Armour
 c - a +0 robe (worn)
 i - a +0 helmet (worn)
Jewellery
 j - an amulet of the acrobat (around neck)
Scrolls
 b - 2 scrolls of poison
 e - a scroll of enchant armour {unknown}
 f - a scroll of fear {unknown}
 g - 2 scrolls of identify {unknown}
 k - a scroll of fog {unknown}
 l - a scroll of torment {unknown}
 p - a scroll of amnesia {unknown}
Potions
 d - a potion of curing
 m - a potion of ambrosia {unknown}
 n - 2 potions of berserk rage {unknown}
 o - a potion of haste {unknown}
 q - a potion of brilliance {unknown}


   Skills:
 + Level 2.1 Fighting
 * Level 4.0 Ranged Weapons
 + Level 2.8 Dodging
 + Level 1.7 Spellcasting
 * Level 4.5 Hexes
 + Level 0.3 Fire Magic


You couldn't memorise any spells.
You knew the following spells:

 Your Spells              Type           Power      Damage    Failure   Level
a - Slow                  Hex            56%        N/A       3%          1
b - Confusing Touch       Hex            14%        N/A       11%         3
c - Inner Flame           Hex/Fire       8%         N/A       26%         3

Your spell library contained the following spells:

 Spells                   Type           Power      Damage    Failure   Level
 Tukima's Dance           Hex            14%        N/A       11%         3
 Kiss of Death            Conj/Necr      4%         2d5       22%         1
 Necrotise                Necr           4%         1d4       22%         1
 Portal Projectile        Hex/Tloc       16%        N/A       26%         3
 Cause Fear               Hex            7%         N/A       34%         4
 Vampiric Draining        Necr           1%         2d6       56%         3
 Dispel Undead            Necr           1%         3d6       92%         4
 Agony                    Necr           1%         N/A       99%         5
 Blade Hands              Tmut           0%         N/A       99%         5


Dungeon Overview and Level Annotations

Branches:
Dungeon (5/15)
 Temple: D:4-7

Altars:
Uskayaw
Zin
The Shining One

Shops:
D:1 [

Annotations:
D:2 1 runed translucent door, Crazy Yiuf
D:3 2 transporters


Innate Abilities, Weirdness & Mutations

You are amphibious.
You cover ground slowly.
You can hop short distances.
You have an extended range of vision and can be seen from far away.


Message History

You shoot a sling bullet.
The sling bullet hits the orc priest but does no damage.
The orc priest is moderately wounded.
You shoot a sling bullet. The sling bullet hits the orc priest.
The orc priest is severely wounded.
You shoot a sling bullet.
The sling bullet closely misses the orc priest.
The orc priest calls down the wrath of Beogh upon you.
You barely resist. You shoot a sling bullet.
The sling bullet hits the orc priest.
The orc priest is severely wounded.
The orc priest mumbles some strange prayers to Beogh against you.
Beogh smites you!
You are too injured to fight recklessly!
Fire: a) +1 sling
Press: ? - help, Shift-Dir - straight line, f/p - orc priest
Aim: an orc priest, wielding a +0 short sword and wearing a +0 leather armour (severely wounded, 59% to hit)
You shoot a sling bullet.
The sling bullet hits the orc priest but does no damage.
The orc priest is severely wounded.
The orc priest barely misses you.
Your magical contamination has completely faded away.
Fire: a) +1 sling
Press: ? - help, Shift-Dir - straight line, f/p - orc priest
Aim: an orc priest, wielding a +0 short sword and wearing a +0 leather armour (severely wounded, 59% to hit)
You shoot a sling bullet.
The sling bullet barely misses the orc priest.
The orc priest hits you with a +0 short sword.
An orc comes into view. It is wielding a +0 war axe.
The orc priest invokes the aid of Beogh against you.
Pain shoots through your body!
* * * LOW HITPOINT WARNING * * *
Fire: a) +1 sling
Press: ? - help, Shift-Dir - straight line, f/p - orc priest
Aim: an orc priest, wielding a +0 short sword and wearing a +0 leather armour (severely wounded, 59% to hit)
You shoot a sling bullet.
The sling bullet closely misses the orc priest.
The orc priest calls down the wrath of Beogh upon you.
Beogh smites you!
You die...

##.############## #.........##
#.## #.........# #.........#
#..###.........# #........##
##..##.........#########.†####
######.##.......................#
.......#####....................#
#####...# #....................#
8####.#.# #............(.......#
.'..#.#.## #....@...............#
.'....#..# #...o>...##..........#
P##......###.......###..........#
####....†.##.).....# #..........#
........#.##.......# ############
........'>o.....####
.......o######### ........#
........#


You could see an orc priest and an orc.

Vanquished Creatures
  An orc priest (D:3)
  An orc wizard (D:3)
  Robin (D:2)
  3 adders
  An ufetubus (D:4)
  A worm (D:2)
  4 dart slugs
  6 orcs
  4 ball pythons
  3 bats
  5 endoplasms
  2 giant cockroaches
  11 goblins
  14 hobgoblins
  4 jackals (D:1)
  A quokka (D:4)
  A frilled lizard (D:3)
  3 kobolds
  3 rats
69 creatures vanquished.

Vanquished Creatures (others)
  3 fungi (D:2)
3 creatures vanquished.

Grand Total: 72 creatures vanquished

Notes
Turn   | Place    | Note
-------+----------+-------------------------------------------
     0 | D:1      | malesh the Barachi Hexslinger began the quest for the Orb.
     0 | D:1      | Reached XP level 1. HP: 15/15 MP: 2/2
   202 | D:1      | Reached XP level 2. HP: 21/21 MP: 0/3
   626 | D:1      | Found Tesimat's Antique Armour Emporium.
   663 | D:1      | Reached XP level 3. HP: 21/26 MP: 3/5
   954 | D:2      | Noticed Robin
  1019 | D:2      | Learned a level 3 spell: Confusing Touch
  1606 | D:2      | Found a runed translucent door.
  1607 | D:2      | Noticed Crazy Yiuf
  1641 | D:2      | Killed Robin
  1642 | D:2      | Reached XP level 4. HP: 25/32 MP: 1/6
  1797 | D:3      | Identified the +2 ring mail of Precision Catastrophes
                  | {-Cast rPois Stlth+}
  1815 | D:3      | Found a transporter.
  1915 | D:3      | Found a transporter.
  2129 | D:3      | Found a glowing golden altar of the Shining One.
  2195 | D:3      | Reached XP level 5. HP: 10/38 MP: 7/7
  2498 | D:3      | Found a transporter.
  2505 | D:3      | Found a transporter.
  2607 | D:3      | Learned a level 3 spell: Inner Flame
  3056 | D:5      | Entered Level 5 of the Dungeon
  3149 | D:4      | Found a glowing silver altar of Zin.
  3149 | D:4      | Found a hide-covered altar of Uskayaw.
  3316 | D:3      | Found a glowing golden altar of the Shining One.
  3645 | D:4      | Killed from afar by an orc priest

Illustrated notes

Levels and vault maps discovered:
D:1:      dpeg_arrival_rhombi, layout_loops_ring, serial_shops,
          nicolae_square_shop
D:2:      layout_rooms, uniq_robin, uniq_crazy_yiuf_cottage
D:3:      gammafunk_wand_slinger, layout_basic, tso_altar
D:4:      layout_basic, mainiacjoe_overflow_brackets,
          gammafunk_temple_overflow_wave
D:5:      layout_loops_ring, minmay_temple_entry_wispy,
          chequers_serial_rivers_micro_b, uniq_prince_ribbit1, uniq_ijyb

Skill      XL: |  1  2  3  4  5 |
---------------+----------------+-----
Ranged Weapons | 3 4 |  4.0
Hexes          | 4 |  4.5
Fighting       | 2 |  2.1
Dodging        | |  2.8
Spellcasting   | |  1.7
Fire Magic     | |  0.3

Action                     |  1- 3 |  4- 6 || total
---------------------------+-------+-------++-------
   Fire: Sling             |   139 |   141 ||   280
   Cast: Slow              |    37 |    21 ||    58
Ability: Hop               |       |     3 ||     3
    Use: Potion            |       |     2 ||     2
         Scroll            |       |     1 ||     1
 Armour: Robe              |    12 |    16 ||    28
  Dodge: Dodged            |    31 |    28 ||    59

Table legend: (Time is in decaauts)
 A = Elapsed time spent in this place.
 B = Non-inter-level travel time spent in this place.
 C = Inter-level travel time spent in this place.
 D = Time resting spent in this place.
 E = Time spent auto-exploring this place.
 F = Levels seen in this place.
 G = Mean time per level.
                   A        B        C        D        E       F      G
               +--------+--------+--------+--------+--------+-----+--------+
         Total |   4143 |   3841 |    302 |    788 |   2355 |   5 |  828.6 |
       Dungeon |   4143 |   3841 |    302 |    788 |   2355 |   5 |  828.6 |
               +--------+--------+--------+--------+--------+-----+--------+

Top non-repeatable levels by time:
     D:3: 1340 daAuts
     D:2: 1163 daAuts
     D:1: 1150 daAuts
     D:4: 485 daAuts
     D:5: 2 daAuts
